 Dungeon Crawl Stone Soup version 0.28.0 (webtiles) character file.

Game seed: 2467257686564192900

69413 browni3141 the Peltast (level 14, -1/135 HPs)
             Began as a Minotaur Berserker on Feb 16, 2022.
             Was a High Priest of Trog.
             Drowned by a drowned soul (14 damage)
             ... summoned by a merfolk avatar
             ... on level 6 of the Lair of Beasts.
             The game lasted 00:14:26 (24062 turns).

browni3141 the Peltast (Minotaur Berserker)        Turns: 24062, Time: 00:14:27

Health: -1/135     AC: 25    Str: 25    XL:     14   Next: 90%
Magic:  23/23      EV:  8    Int:  9    God:    Trog [*****.]
Gold:   1247       SH: 14    Dex: 12    Spells: 13/13 levels left

rFire   . . .      SeeInvis +   G - +0 broad axe
rCold   . . .      Faith    .   s - +0 kite shield
rNeg    . . .      Spirit   .   D - +0 plate armour
rPois   .          Reflect  .   Q - +3 hat of Pondering {ponderous, Will+ MP+10 Int+5}
rElec   .          Harm     .   (no cloak)
rCorr   .          Rampage  .   N - +0 pair of gloves
Will    +++..                   J - +2 pair of boots
Stlth   ..........              (no amulet)
HPRegen 0.32/turn               r - ring of willpower
MPRegen 0.18/turn               u - ring "Corch" {Slay+2 SInv}

@: on berserk cooldown, mesmerised, slowed, very slow
A: horns 2, retaliatory headbutt
a: Renounce Religion, Berserk, Trog's Hand, Brothers in Arms


You were on level 6 of the Lair of Beasts.
You worshipped Trog.
Trog was extremely pleased with you.
You visited 4 branches of the dungeon, and saw 19 of its levels.

You collected 1247 gold pieces.

Inventory:

Hand Weapons
 a - a +0 hand axe
 C - a +1 hand axe of freezing
 G - a +0 broad axe (weapon)
 K - a +0 broad axe
Missiles
 t - a throwing net (quivered)
Armour
 b - a +0 animal skin
 c - a +0 chain mail
 s - a +0 kite shield (worn)
 D - a +0 plate armour (worn)
 J - a +2 pair of boots (worn)
 N - a +0 pair of gloves (worn)
 Q - the +3 hat of Pondering (worn) {ponderous, Will+ MP+10 Int+5}
   (You took it off Gastronok on level 10 of the Dungeon)

   Int:       It affects your intelligence (+5).
   MP:        It affects your magic capacity (+10).
   Will:      It increases your willpower.
Jewellery
 r - a ring of willpower (left hand)
 u - the ring "Corch" (right hand) {Slay+2 SInv}
   (You acquired it on level 3 of the Lair of Beasts)

   [ring of see invisible]

   Slay:      It affects your accuracy & damage with ranged weapons and melee
   (+2).
   SInv:      It lets you see invisible.
 B - a +4 ring of evasion
 H - a +4 ring of evasion
 L - a ring of resist corrosion
 S - a ring of see invisible
 T - a ring of flight
Wands
 h - a wand of digging (3)
 w - a wand of flame (73)
 A - a wand of polymorph (4)
 F - a wand of iceblast (20)
 O - a wand of charming (3)
Scrolls
 e - 7 scrolls of teleportation
 i - 2 scrolls of enchant weapon
 k - 6 scrolls of immolation
 o - 2 scrolls of noise
 p - a scroll of summoning
 q - 5 scrolls of fog
 v - 2 scrolls of magic mapping
 y - 3 scrolls of fear
 E - 2 scrolls of amnesia
 I - a scroll of blinking
 M - 2 scrolls of vulnerability
Potions
 d - 3 potions of flight
 f - 2 potions of attraction
 g - 4 potions of heal wounds
 j - 6 potions of curing
 l - 2 potions of degeneration
 m - a potion of invisibility
 n - a potion of lignification
 x - 3 potions of magic
 z - 4 potions of might {unknown}
 P - a potion of haste {unknown}
 R - a potion of brilliance {unknown}


   Skills:
 + Level 15.6 Fighting
 + Level 15.6 Axes
 + Level 15.4 Armour
 - Level 2.1 Dodging
 * Level 17.7 Shields


You had 13 spell levels left.
You didn't know any spells.
Your spell library was empty.

Dungeon Overview and Level Annotations

Branches:
Dungeon (11/15)            Temple (1/1) D:7            Lair (6/6) D:10
 Shoals (1/4) Lair:3       Spider (0/4) Lair:4        Slime (0/5) Lair:5
    Orc (0/2) D:10

Altars:
Gozag
Hepliaklqana
Nemelex Xobeh
Sif Muna
Trog
Wu Jian


Innate Abilities, Weirdness & Mutations

You have a pair of horns on your head.
You reflexively headbutt those who attack you in melee.


Message History

You block the drowned soul's attack.
The merfolk avatar chants its luring song.
You see here 3 scrolls of amnesia.
You completely miss the merfolk avatar. You closely miss the drowned soul.
The drowned soul touches you. The drowned soul drowns you!
You slash the merfolk avatar!
The merfolk avatar is lightly wounded.
You are no longer berserk.
You are exhausted.
You feel yourself slow down.
The merfolk avatar chants its luring song.
Your unstable footing causes you to fumble your attack.
You block the drowned soul's attack. The drowned soul touches you.
The drowned soul drowns you! The drowned soul touches you.
The drowned soul drowns you!
The merfolk avatar chants its luring song.
You closely miss the merfolk avatar.
The merfolk avatar is lightly wounded.
You barely miss the merfolk avatar. You headbutt the merfolk avatar.
The merfolk avatar is lightly wounded.
The merfolk avatar chants its luring song.
Your unstable footing causes you to fumble your attack.
The merfolk avatar chants its luring song.
You block the drowned soul's attack. x2
You barely miss the merfolk avatar.
The merfolk avatar is lightly wounded.
You slash the drowned soul! You hit the drowned soul.
You block the drowned soul's attack.
The merfolk avatar chants its luring song.
You block the drowned soul's attack. The drowned soul touches you.
The drowned soul drowns you!
* * * LOW HITPOINT WARNING * * *
The merfolk avatar chants its luring song.
The drowned soul touches you. The drowned soul drowns you!
* * * LOW HITPOINT WARNING * * *
You are too injured to fight recklessly!
Your unstable footing causes you to fumble your attack.
You block the drowned soul's attack. The drowned soul touches you.
The drowned soul drowns you!
You die...

....≈≈≈≈≈# ≈≈......
..)†≈≈≈≈≈###########≈##
≈≈......
.....##≈.#⌠≈≈≈≈≈≈≈≈≈≈⌠#
≈##......
.....##≈≈#≈≈†8≈≈≈.8≈P.#
≈≈≈≈.....
....≈≈≈≈≈##≈≈##≈≈##≈P≈#
≈≈≈......
.....≈≈P≈.≈†≈†)!?[#≈≈≈#
..≈≈.....
....≈P≈#≈†.≈≈#?W≈!≈≈≈≈#
≈≈≈≈.....
....≈#..≈#.≈≈#$m≈!#≈P≈#
≈≈#......
....≈≈≈≈.≈#≈P#!?@W# $≈#
≈≈≈....÷.
....≈≈≈.≈#≈.≈##+.≈# ≈#
≈≈≈......
.....##≈≈..P≈8 ≈.≈.≈ #
≈##≈.....
.....#≈≈≈.⌠≈≈.≈≈P≈≈≈.⌠
#≈.....
.....≈≈≈≈####.P≈≈≈#####
P≈≈..... .....≈≈P≈#
≈≈≈≈≈≈≈ ≈≈≈.....♣
....≈##≈P# #≈≈P.8≈#
≈##...... .....≈#≈≈#
≈≈≈≈≈.≈≈ ≈......
....≈≈≈≈P##.# ......


You could see a merfolk avatar (mesmerising) and 2 drowned souls.

Vanquished Creatures
  Kirke (Lair:5)
  Gastronok (D:10)
  The ghost of browni3141 the Severer, a journeyman MiBe of Trog (Lair:3)
  A dire elephant (Lair:6)
  Snorg (D:10)
  Harold (D:8)
  3 hydras
  A boulder beetle (Lair:4)
  A catoblepas (Lair:5)
  The ghost of Bricks the Cleaver, a journeyman GrFi of Trog (D:10)
  9 death yaks
  3 two-headed ogres
  Urug (D:10)
  A fire crab (Lair:6)
  A sea snake (Lair:6)
  A skeletal warrior (D:8)
  A lindwurm (Lair:6)
  2 manticores
  23 elephants
  Joseph (Lair:1)
  Maggie (D:8)
  9 black mambas
  16 cane toads
  A torpor snail (Lair:2)
  7 komodo dragons
  An efreet (D:10)
  5 rime drakes
  An unseen horror (D:10)
  2 trolls (D:11)
  4 polar bears
  4 merfolk (Lair:3)
  3 wind drakes (Lair:6)
  2 hornets
  5 slime creatures (D:11)
  17 blink frogs
  6 dream sheep (Lair:5)
  2 jumping spiders (Lair:4)
  49 yaks
  A shadow (D:8)
  3 wyverns
  Grum (Lair:1)
  4 hogs (Lair:5)
  2 wraiths
  3 basilisks
  Eustachio (D:6)
  A steam dragon (Lair:6)
  A redback (Lair:4)
  2 acid dragons (D:9)
  18 water moccasins
  5 orc warriors
  4 black bears
  An ice beast (D:7)
  A hornet zombie (D:5)
  2 sky beasts
  34 wolves
  8 centaurs
  An ogre (D:6)
  A phantom (D:6)
  3 kobold brigands
  2 gnoll sergeants
  10 bullfrogs
  A scorpion (D:6)
  A water moccasin zombie (D:6)
  A water moccasin skeleton (D:6)
  19 killer bees
  16 wights
  An electric eel (Lair:1)
  A spectral centaur (D:9)
  3 howler monkeys
  A bullfrog zombie (D:7)
  3 centaur zombies
  A gnoll shaman (D:4)
  8 orc priests
  2 centaur skeletons
  6 hounds
  6 iguanas
  4 jellies
  A bullfrog skeleton (D:6)
  Ijyb (D:5)
  Terence (D:2)
  14 orc wizards
  14 hell rats
  A killer bee zombie (D:7)
  A hound skeleton (D:4)
  2 howler monkey zombies (D:9)
  13 gnolls
  A howler monkey skeleton (D:9)
  4 adders
  2 shadow imps
  An adder skeleton (D:4)
  4 worms
  A dart slug (D:4)
  72 orcs
  6 bats
  17 endoplasms
  A giant cockroach (D:2)
  4 goblins
  11 hobgoblins
  13 jackals (D:1)
  17 kobolds
  3 quokkas
  A ball python (D:1)
  3 frilled lizards (D:1)
  A quokka skeleton (D:4)
  4 rats
  A butterfly (Lair:4)
588 creatures vanquished.

Vanquished Creatures (collateral kills)
  3 cane toads
  3 blink frogs (Lair:3)
  A bullfrog (Lair:3)
7 creatures vanquished.

Vanquished Creatures (others)
  A wizard (D:8)
  A human (Lair:5)
  A bush (Lair:3)
  33 fungi
  60 plants
  3 withered plants
99 creatures vanquished.

Grand Total: 694 creatures vanquished

Notes
Turn   | Place    | Note
-------+----------+-------------------------------------------
     0 | D:1      | browni3141 the Minotaur Berserker began the quest for the
                  | Orb.
     0 | D:1      | Reached XP level 1. HP: 19/19 MP: 0/0
   280 | D:1      | Reached XP level 2. HP: 27/27 MP: 1/1
   396 | D:1      | Reached XP level 3. HP: 23/33 MP: 2/2
   504 | D:1      | Reached ** piety under Trog
  1178 | D:2      | Noticed Terence
  1191 | D:2      | Killed Terence
  1192 | D:2      | Reached XP level 4. HP: 41/41 MP: 3/3
  1820 | D:4      | Reached skill level 5 in Fighting
  1823 | D:4      | Reached skill level 5 in Axes
  1823 | D:4      | Reached XP level 5. HP: 36/48 MP: 4/4
  2237 | D:4      | Reached XP level 6. HP: 24/56 MP: 5/5
  2241 | D:4      | Reached *** piety under Trog
  2606 | D:4      | Reached skill level 5 in Armour
  3112 | D:4      | Reached XP level 7. HP: 53/64 MP: 6/6
  3408 | D:5      | Entered Level 5 of the Dungeon
  4112 | D:5      | Noticed Ijyb
  4127 | D:5      | Killed Ijyb
  4467 | D:5      | Found an opulent altar of Gozag.
  4944 | D:5      | Found a hazy altar of Hepliaklqana.
  5132 | D:5      | Identified the +9 whip of Gallantry {freeze, rElec rN+
                  | Stlth+}
  5452 | D:6      | Reached XP level 8. HP: 69/73 MP: 7/7
  5675 | D:6      | Found an ornate altar of the Wu Jian Council.
  6250 | D:6      | Reached **** piety under Trog
  6403 | D:6      | Reached XP level 9. HP: 82/82 MP: 8/8
  6519 | D:6      | Noticed Eustachio
  6529 | D:6      | Killed Eustachio
  7044 | D:7      | Reached skill level 1 in Shields
  7047 | D:7      | Reached skill level 2 in Shields
  7059 | D:7      | Found a staircase to the Ecumenical Temple.
  7067 | Temple   | Entered the Ecumenical Temple
  7378 | D:7      | Reached skill level 3 in Shields
  7399 | D:7      | Reached skill level 4 in Shields
  7402 | D:7      | Reached skill level 10 in Fighting
  7640 | D:7      | Found a shimmering blue altar of Sif Muna.
  7746 | D:7      | Reached skill level 10 in Axes
  8194 | D:8      | Noticed Maggie
  8196 | D:8      | Noticed a two-headed ogre
  8206 | D:8      | Killed a two-headed ogre
  8207 | D:8      | Reached skill level 5 in Shields
  8207 | D:8      | Reached XP level 10. HP: 93/93 MP: 9/9
  8208 | D:8      | Killed Maggie
  8209 | D:8      | Reached skill level 10 in Armour
  8791 | D:8      | Found a sparkling altar of Nemelex Xobeh.
  8800 | D:8      | Noticed Harold
  8811 | D:8      | Reached skill level 6 in Shields
  8814 | D:8      | Killed Harold
  9029 | D:8      | Found a bloodstained altar of Trog.
  9031 | D:8      | Noticed a wizard
  9035 | D:8      | Killed a wizard
  9164 | D:8      | Reached skill level 7 in Shields
  9171 | D:8      | Noticed a skeletal warrior
  9188 | D:8      | Killed a skeletal warrior
  9598 | D:8      | Paralysed by a hornet for 3 turns
 10486 | D:9      | Reached skill level 8 in Shields
 11391 | D:10     | Entered Level 10 of the Dungeon
 11593 | D:10     | Reached ***** piety under Trog
 11600 | D:10     | Reached XP level 11. HP: 102/102 MP: 10/10
 11791 | D:10     | Reached skill level 9 in Shields
 11921 | D:10     | Noticed Gastronok
 11933 | D:10     | Killed Gastronok
 12052 | D:10     | Found a runed translucent door.
 12054 | D:10     | Noticed Bricks's ghost (journeyman GrFi)
 12083 | D:10     | Killed Bricks's ghost
 12147 | D:10     | Found a staircase to the Orcish Mines.
 12390 | D:10     | Reached skill level 10 in Shields
 12575 | D:10     | Noticed Snorg
 12575 | D:10     | Noticed Urug
 12586 | D:10     | Killed Urug
 12590 | D:10     | Killed Snorg
 12812 | D:10     | Noticed a two-headed ogre
 12820 | D:10     | Killed a two-headed ogre
 13016 | D:10     | Found a staircase to the Lair.
 13192 | D:11     | Reached skill level 11 in Shields
 13620 | D:11     | Reached XP level 12. HP: 101/113 MP: 11/11
 13988 | D:11     | Noticed a six-headed hydra
 13997 | D:11     | Killed a 13-headed hydra
 14089 | D:11     | Noticed a two-headed ogre
 14096 | D:11     | Killed a two-headed ogre
 14410 | Lair:1   | Entered Level 1 of the Lair of Beasts
 14464 | Lair:1   | Reached skill level 12 in Shields
 14495 | Lair:1   | Received a gift from Trog
 14999 | Lair:1   | You fall into a shaft and drop 1 floor!
 14999 | Lair:2   | Noticed a death yak
 15008 | Lair:2   | Killed a death yak
 15571 | Lair:1   | Noticed Joseph
 15572 | Lair:1   | Identified the +7 hunting sling of Omiobis {vorpal, rF+
                  | Will+++ MP-9 Dex-3}
 15581 | Lair:1   | Killed Joseph
 15756 | Lair:1   | Reached skill level 13 in Shields
 15874 | Lair:1   | Noticed Grum
 15880 | Lair:1   | Killed Grum
 17150 | Lair:3   | Reached XP level 13. HP: 122/122 MP: 12/12
 17186 | Lair:3   | Reached skill level 14 in Shields
 17189 | Lair:3   | HP: 4/122 [cane toad (9)]
 17190 | Lair:3   | HP: 1/122 [bullfrog (3)]
 18304 | Lair:3   | Found a staircase to the Shoals.
 18465 | Lair:3   | Found a runed translucent door.
 18465 | Lair:3   | Noticed browni3141's ghost (journeyman MiBe)
 18694 | Lair:3   | Killed browni3141's ghost
 18701 | Lair:3   | HP: 6/124 [poisoned by browni3141's ghost]
 19092 | Lair:3   | Identified a scroll of acquirement
 19093 | Lair:3   | Acquired the ring "Corch" {Slay+2 SInv}
 19232 | Shoals:1 | Entered Level 1 of the Shoals
 19587 | Lair:4   | Reached skill level 15 in Shields
 19918 | Lair:4   | Found a hole to the Spider Nest.
 20182 | Lair:4   | Received a gift from Trog
 21229 | Lair:5   | Noticed Kirke
 21237 | Lair:5   | Noticed a sphinx
 21241 | Lair:5   | Killed Kirke
 21559 | Lair:5   | Reached XP level 14. HP: 128/130 MP: 13/13
 21592 | Lair:5   | Reached skill level 16 in Shields
 21992 | Lair:5   | Found a staircase to the Slime Pits.
 21996 | Lair:5   | Received a gift from Trog
 22442 | Lair:6   | Entered Level 6 of the Lair of Beasts
 22893 | Lair:6   | Reached skill level 15 in Fighting
 22908 | Lair:6   | Reached skill level 15 in Axes
 23374 | Lair:6   | Reached skill level 15 in Armour
 23443 | Lair:6   | Reached skill level 17 in Shields
 23901 | Lair:6   | Received a gift from Trog
 24062 | Lair:6   | Drowned by a drowned soul

Illustrated notes

Levels and vault maps discovered:
D:1:      scummos_arrival_simple_crosswalls, layout_loops_cross
D:2:      layout_rooms, uniq_terence
D:3:      layout_basic
D:4:      cheibrodos_barr_body, layout_basic, serial_park_tiny_1,
          hangedman_abyss_or_decor_stabs
D:5:      layout_layer_cave, nzn_hepliaklqana_mist_gate, kennysheep_mini_moat,
          uniq_ijyb
D:6:      layout_loops_corners, nzn_wu_jian_contemplation,
          chequers_serial_rivers_small_a, chequers_serial_rivers_room_b,
          uniq_eustachio
D:7:      layout_basic, nicolae_overflow_crystal_walls,
          minmay_temple_entry_glass
D:8:      layout_basic, trog_wizard, amcnicky_altar_gilded, minmay_holes,
          nrook_campfire, minmay_three_doors, uniq_maggie, uniq_harold
D:9:      layout_loops_ring, hangedman_decor_growths, st_stairs_10,
          hangedman_weighted_door, nicolae_zen_rock_garden, eino_jars
D:10:     layout_long_grid, david_lair_shrubbed, hiddenorc2_lemuel,
          gammafunk_ghost_grave, uniq_gastronok, uniq_snorg, uniq_urug
D:11:     layout_loops_ring, portal_ice_cave_entry_pillars_2
Temple:   regret_index_temple_sphere_string
Lair:1:   layout_chaotic_city, nicolae_quartered_pool_super,
          bh_autumn_forest_stairs, uniq_grum, uniq_joseph
Lair:2:   layout_regular_city, lemuel_fruit_tree
Lair:3:   layout_regular_city, elwin_shoals_entry_stream,
          gauntlet_entry_generic, gammafunk_ghost_grave,
          chequers_serial_rivers_large_a, grunt_megastairs_3
Lair:4:   layout_loops_ring, spider_nest_entry_a, gammafunk_lair_bear_cave,
          serial_bayou_shore_a, infiniplex_staircase_pool_2,
          lemuel_fruit_fields, lemuel_fruit_fields
Lair:5:   layout_gridlike, nicolae_slime_entry_slimehenge, serial_bayou_pond_b,
          uniq_kirke
Lair:6:   gammafunk_lair_ancient_temple, layout_regular_city, st_stairs_12,
          grunt_forest_large_clearings
Shoals:1: layout_shoals, nicolae_shoals_drake_roost

Skill      XL: |  1  2  3  4  5  6  7  8  9 10 11 12 13 14 |
---------------+-------------------------------------------+-----
Axes           | 4 5 6 7 8 10 11 12 13 14 15 | 15.6
Fighting       | 4 5 6 7 8 10 11 12 13 14 15 | 15.6
Armour         | 3 4 5 7 8 9 11 12 13 14 15 | 15.4
Shields        | 5 8 11 13 15 17 | 17.7
Dodging        | |  2.1

Action                   |  1- 3 |  4- 6 |  7- 9 | 10-12 | 13-15 || total
-------------------------+-------+-------+-------+-------+-------++-------
Melee: Hand axe          |    83 |   121 |   243 |       |       ||   447
       Headbutt          |    13 |    18 |    68 |   134 |   167 ||   400
       Punch             |     1 |       |     6 |       |       ||     7
       Broad axe         |       |       |    75 |   563 |   624 ||  1262
Throw: Throwing net      |       |       |       |       |     1 ||     1
Invok: Berserk           |     1 |     2 |     7 |    16 |    14 ||    40
       Trog's Hand       |       |       |     1 |       |     4 ||     5
       Brothers in Arms  |       |       |       |       |     2 ||     2
Evoke: Wand              |       |       |       |     1 |     3 ||     4
  Use: Scroll            |       |       |     6 |     5 |    14 ||    25
       Potion            |       |       |       |       |     1 ||     1
Armor: Chain mail        |    60 |    62 |    51 |       |       ||   173
       Skin              |       |       |     3 |       |       ||     3
       Plate armour      |       |       |   110 |   331 |   395 ||   836
Dodge: Dodged            |    47 |    56 |   163 |   283 |   215 ||   764
Block: Kite shield       |       |       |    44 |   423 |   497 ||   964
